AoeStats
← Like_2_win2

African Clearing

510289038Analyzed
4v4 RM · 1d ago on Sep 30, 2026· 53m 30s· 8 players
Game mode
Random Map
Map size
Large (8 player)
Population
200
Speed
Normal
Resources
Standard
Victory
Conquest
Starting age
Dark Age
Ending age
Imperial Age
RankedLock teamsTeams togetherTeam positionsShared explorationLock speedFull tech treeHidden civsTurbo modeCheats
Victory
Defeat
🇷🇺 Jurchens · Russia
875
+13
🇩🇰 Danes · Denmark
817
+15
🇨🇭 Mongols · Switzerland
804
+16
🇫🇷 Inca · France
791
+16
🇰🇼 Saracens · Kuwait
887
-18
🇨🇳 Celts · China
823
-30
🇰🇷 Spanish · South Korea
803
-15
🇫🇷 Maya · France
686
-11
FoXx
4:37 Loom
18:17 Feudal Age
19:03 Town Watch
19:08 Horse Collar
19:50 Double-Bit Axe
21:37 Stone Mining
26:31 Castle Age
24:59 Gold Mining
29:04 Wheelbarrow
28:50 Bow Saw
29:47 Ballistics
29:25 Murder Holes
30:55 Forging
30:36 Fletching
30:33 Arson
32:01 Squires
32:24 Heavy Plow
34:54 Bodkin Arrow
35:01 Scale Mail Armor
39:26 Imperial Age
39:38 Imperial Age
37:52 Gold Shaft Mining
37:55 Stone Shaft Mining
37:05 Treadmill Crane
38:06 Heated Shot
40:25 Iron Casting
40:06 Chain Mail Armor
41:25 Chemistry
41:32 Fabric Shields
42:10 Conscription
44:08 Hand Cart
43:21 Elite Kamayuk
44:37 Plate Mail Armor
44:37 Hand Cart
44:30 Arrowslits
46:21 Hoardings
46:07 Masonry
46:11 Town Patrol
47:29 Blast Furnace
47:15 Siege Engineers
51:54 Padded Archer Armor
52:26 Thumb Ring
52:35 Bracer
Like_2_win2
14:04 Feudal Age
16:01 Wheelbarrow
15:12 Horse Collar
15:24 Double-Bit Axe
24:48 Castle Age
22:49 Stone Mining
26:40 Hand Cart
28:19 Bow Saw
28:40 Town Watch
29:50 Heavy Plow
30:05 Gold Mining
32:19 Gold Shaft Mining
32:00 Hamask
34:33 Gambesons
35:29 Forging
35:21 Scale Mail Armor
39:10 Imperial Age
37:02 Squires
38:02 Iron Casting
37:30 Arson
38:07 Masonry
38:15 Padded Archer Armor
38:59 Chain Mail Armor
41:40 Elite Varangian Guard
41:46 Northmen's Fury
47:48 Conscription
48:04 Hoardings
48:39 Blast Furnace
47:55 Leather Archer Armor
monneyce
12:11 Feudal Age
12:41 Loom
17:14 Bloodlines
17:27 Forging
19:04 Scale Barding Armor
20:14 Wheelbarrow
23:53 Castle Age
iHaze
12:13 Loom
14:26 Feudal Age
15:11 Double-Bit Axe
19:33 Castle Age
22:12 Wheelbarrow
23:23 Stone Mining
23:40 Gold Mining
25:44 Fletching
25:56 Padded Archer Armor
27:37 Horse Collar
29:13 Bloodlines
30:10 Scale Barding Armor
30:09 Husbandry
33:27 Forging
33:01 Elite Skirmisher
35:53 Town Watch
41:45 Imperial Age
39:02 Pikeman
39:42 Squires
41:28 Arson
42:53 Conscription
45:11 Ballistics
45:52 Chemistry
46:11 Gold Shaft Mining
46:56 Bodkin Arrow
47:16 Leather Archer Armor
47:02 Scale Mail Armor
47:38 Iron Casting
bin7299
7:20 Loom
17:51 Feudal Age
19:58 Wheelbarrow
19:15 Double-Bit Axe
19:12 Horse Collar
20:24 Town Watch
21:57 Man-at-Arms
23:53 Forging
23:52 Scale Mail Armor
28:58 Castle Age
28:28 Scale Barding Armor
28:23 Padded Archer Armor
28:20 Fletching
30:11 Bloodlines
30:03 Husbandry
30:50 Bow Saw
32:04 Heavy Plow
35:36 Masonry
39:49 Iron Casting
40:25 Chain Barding Armor
40:03 Long Swordsman
42:08 Hand Cart
42:39 Leather Archer Armor
46:41 Imperial Age
50:43 Town Patrol
50:54 Elite Conquistador
51:10 Cavalier
SosoAllstar
11:18 Loom
13:55 Feudal Age
14:21 Double-Bit Axe
14:20 Horse Collar
20:05 Fletching
20:17 Padded Archer Armor
24:50 Castle Age
27:11 Bow Saw
27:04 Heavy Plow
28:39 Wheelbarrow
30:23 Thumb Ring
29:40 Crossbowman
30:20 Gold Mining
31:50 Hand Cart
33:52 Ballistics
33:41 Bodkin Arrow
34:02 Leather Archer Armor
38:27 Imperial Age
36:28 Eagle Warrior
37:09 Squires
36:55 Arson
37:23 Forging
37:14 Scale Mail Armor
44:47 Bracer
45:13 Stone Mining
46:26 Two-Man Saw
45:58 Crop Rotation
46:02 Ring Archer Armor
46:30 Arbalester
49:45 Elite Eagle Warrior
51:08 Iron Casting
50:49 Chain Mail Armor
52:31 Chemistry
53:25 Hul'che Javelineers
Slayer953662
5:51 Loom
14:40 Feudal Age
15:58 Wheelbarrow
15:10 Double-Bit Axe
17:54 Stone Mining
23:30 Castle Age
24:38 Fletching
29:22 Bow Saw
29:32 Horse Collar
30:23 Heavy Plow
36:30 Gold Mining
38:20 Forging
38:13 Husbandry
39:39 Iron Casting
39:39 Scale Barding Armor
41:29 Chain Barding Armor
41:52 Bodkin Arrow
41:57 Padded Archer Armor
41:30 Crossbowman
43:09 Thumb Ring
43:50 Squires
45:30 Leather Archer Armor
45:57 Bloodlines
499557901
16:25 Feudal Age
19:56 Double-Bit Axe
19:54 Horse Collar
23:38 Castle Age
23:17 Loom
27:44 Husbandry
29:16 Scale Barding Armor
31:59 Chain Barding Armor
31:50 Forging
35:54 Wheelbarrow
37:37 Hand Cart
39:33 Iron Casting
46:57 Imperial Age
45:54 Gold Mining
45:56 Stone Mining
47:32 Cavalier
49:23 Light Cavalry
50:09 Paladin
51:52 Blast Furnace
52:44 Gold Shaft Mining
Connection lost

Rejoining the realm…

Still unreachable

The connection could not be restored.

Session expired

The server has moved on; the page needs a fresh start.